 Dungeon Crawl Stone Soup version 0.20.1-1-g8b1a95d (console) character file.

134 hilaritas the Shield-Bearer (level 5, -5/41 HPs)
             Began as a Formicid Fighter on Aug 20, 2017.
             Was an Initiate of Qazlal.
             Killed by divine providence
             ... invoked by an orc priest
              (10 damage)
             ... on level 3 of the Dungeon.
             The game lasted 00:05:33 (2371 turns).

hilaritas the Shield-Bearer (Formicid Fighter)      Turns: 2371, Time: 00:05:35

Health: -5/41      AC:  8    Str: 26    XL:     5   Next: 40%
Magic:  5/5        EV:  8    Int:  8    God:    Qazlal [......]
Gold:   72         SH: 11    Dex: 10    Spells: 4/4 levels left

rFire    . . .     SeeInvis +   a - +0 war axe
rCold    . . .     Gourm    .   c - +1 shield
rNeg     . . .     Faith    .   b - +0 scale mail
rPois    .         Spirit   .   (helmet unavailable)
rElec    .         Reflect  .   (no cloak)
rCorr    .         Harm     .   (no gloves)
MR       .....                  r - +0 pair of boots
Stlth    ..........             (no amulet)
Regen    0.2/turn               (no ring)
MPRegen  0.1/turn               (no ring)

@: mighty
A: permanent stasis, dig shafts and tunnels, four strong arms, antennae 3
a: Dig, Shaft Self, Renounce Religion


You were on level 3 of the Dungeon.
You worshipped Qazlal.
Qazlal was noncommittal.
You were not hungry.

You visited 1 branch of the dungeon, and saw 3 of its levels.

You collected 72 gold pieces.

Inventory:

Hand Weapons
 a - a +0 war axe (weapon)
 t - a +0 war axe
 u - a +4 flail of crushing
Missiles
 e - 9 tomahawks (quivered)
Armour
 b - a +0 scale mail (worn)
 c - a +1 shield (worn)
 r - a +0 pair of boots (worn)
Scrolls
 i - a scroll of identify
Potions
 l - a potion of heal wounds
 m - a potion of flight {unknown}
 s - a potion of invisibility {unknown}
Comestibles
 f - a bread ration
 g - 2 fruits
 h - a meat ration
 k - 2 chunks of flesh


   Skills:
 - Level 3.2 Fighting
 * Level 4.4 Axes
 - Level 3.2 Armour
 + Level 4.7 Shields
 * Level 0.2 Invocations


You had 4 spell levels left.
You didn't know any spells.

Dungeon Overview and Level Annotations

Branches:
Dungeon (3/15)

Altars:
Gozag
Kikubaaqudgha
Qazlal


Innate Abilities, Weirdness & Mutations

You cannot be hasted, slowed, berserked, paralysed or teleported.
You can dig through walls and to a lower floor.
Your four strong arms can wield two-handed weapons with a shield.
You have a pair of large antennae on your head. (SInv)


Message History

An orc priest comes into view.
You see here a poisoned tomahawk.
You barely miss the orc.
The orc priest shouts!
You block the orc's attack.
You feel very mighty all of a sudden.
You barely miss the orc. The orc closely misses you.
You slice the orc!!
You kill the orc!
Qazlal accepts your kill. You block the howler monkey's attack.
You barely miss the howler monkey.
The orc priest miscasts a cantrip.
You block the howler monkey's attack.
The orc priest mumbles some strange prayers to Beogh against you.
Beogh smites you!
* * * LOW HITPOINT WARNING * * *
The orc priest mumbles some strange prayers to Beogh against you.
Beogh smites you!
You die...

.......†)).......#
#######)<#.......#
##.........#
##.#..>.....
#..#....<...
#.##.......#
#.##.#.#...[
#(#....###..
#..@.### . ####h#
.oo. ##o#.. .# ...
.. .. ... # ##


You could see a howler monkey, 2 orc priests and an orc.

Vanquished Creatures
  An orc wizard (D:3)
  2 adders (D:2)
  2 worms (D:2)
  5 dart slugs
  4 leopard geckos
  8 orcs (D:3)
  A ball python (D:2)
  6 bats
  6 goblins
  6 hobgoblins
  2 jackals (D:2)
  A quokka (D:2)
  5 frilled lizards
  5 kobolds
  4 rats
58 creatures vanquished.

Notes
Turn   | Place    | Note
-------+----------+-------------------------------------------
     0 | D:1      | hilaritas the Formicid Fighter began the quest for the Orb.
     0 | D:1      | Reached XP level 1. HP: 18/18 MP: 1/1
   212 | D:1      | Reached XP level 2. HP: 20/24 MP: 2/2
   563 | D:1      | Reached XP level 3. HP: 22/29 MP: 3/3
  1481 | D:2      | Reached XP level 4. HP: 32/35 MP: 4/4
  1506 | D:2      | Found an opulent altar of Gozag.
  1984 | D:2      | Found a stormy altar of Qazlal.
  1984 | D:2      | Found an ancient bone altar of Kikubaaqudgha.
  1996 | D:2      | Became a worshipper of Qazlal Stormbringer
  2281 | D:3      | Reached XP level 5. HP: 20/41 MP: 5/5
  2371 | D:3      | Killed from afar by an orc priest

Skill      XL: |  1  2  3  4 |
---------------+-------------+-----
Shields        | 4 |  4.7
Axes           | 3 4 |  4.4
Fighting       | |  3.2
Armour         | |  3.2
Invocations    | |  0.2

Action                   |  1- 3 |  4- 6 || total
-------------------------+-------+-------++-------
Melee: War axe           |   105 |    79 ||   184
  Use: Scroll            |       |     4 ||     4
       Potion            |       |     2 ||     2
  Eat: Chunk             |     2 |     3 ||     5
Armor: Scale mail        |    52 |    42 ||    94
       Skin              |       |     3 ||     3
Dodge: Dodged            |    34 |    37 ||    71
Block: Shield            |    72 |    52 ||   124
